 Dungeon Crawl Stone Soup version 0.29.1-14-g9c671dbff4 (webtiles) character file.

Game seed: 15735126245644301370

115 Peloso the Covered (level 4, 0/40 HPs)
             Began as a Minotaur Fighter on Feb 12, 2023.
             Succumbed to a kobold's poison
             ... on level 3 of the Dungeon.
             The game lasted 00:03:30 (1859 turns).

Peloso the Covered (Minotaur Fighter)               Turns: 1859, Time: 00:03:31

Health: 0/40       AC:  7    Str: 19    XL:     4   Next: 68%
Magic:  3/3        EV:  9    Int:  4    God:
Gold:   151        SH:  5    Dex: 16    Spells: 3/3 levels left

rFire   . . .      SeeInvis .   a - +0 long sword
rCold   . . .      Faith    .   c - +0 buckler
rNeg    . . .      Spirit   .   b - +0 scale mail
rPois   .          Reflect  .   (helmet restricted)
rElec   .          Harm     .   (no cloak)
rCorr   .          Rampage  .   (no gloves)
Will    .....                   (no boots)
Stlth   ..........              (no amulet)
HPRegen 0.93/turn               (no ring)
MPRegen 0.08/turn               (no ring)

@: lethally poisoned (0 -> -3)
A: horns 2, retaliatory headbutt, agile 1, deterioration 1, regeneration 1
a: no special abilities


You were on level 3 of the Dungeon.
You visited 1 branch of the dungeon, and saw 3 of its levels.

You collected 151 gold pieces.

Inventory:

Hand Weapons
 a - a +0 long sword (weapon)
Armour
 b - a +0 scale mail (worn)
 c - a +0 buckler (worn)
Jewellery
 f - a +6 ring of dexterity
Scrolls
 h - a scroll of amnesia {unknown}
 k - a scroll of fog
 l - a scroll of magic mapping
 m - a scroll of immolation
Potions
 d - a potion of might
 e - 3 potions of haste


   Skills:
 + Level 4.2 Fighting
 + Level 4.1 Long Blades
 + Level 4.4 Armour
 + Level 1.1 Dodging
 + Level 4.2 Shields


You had 3 spell levels left.
You didn't know any spells.
Your spell library contained the following spells:

 Spells                   Type           Power      Damage    Failure   Level
 Olgreb's Toxic Radiance  Pois           0%         N/A       100%        4
 Ozocubu's Refrigeration  Ice            0%         4d7       100%        7
 Ignition                 Fire           0%         3d3       100%        8


Dungeon Overview and Level Annotations

Branches:
Dungeon (3/15)

Altars:
Hepliaklqana


Innate Abilities, Weirdness & Mutations

You have a pair of horns on your head.
You reflexively headbutt those who attack you in melee.
You are agile. (Dex +4, Str/Int -1)
Your body sometimes deteriorates upon taking damage.
Your natural rate of healing is unusually fast.


Message History

The orc barely misses you. You block the orc's attack.
You hit the orc priest. Your headbutt misses the orc priest.
The orc priest is heavily wounded.
You block the kobold's attack. You block the orc priest's attack.
The orc closely misses you. You furiously retaliate!
You headbutt the orc!
You kill the orc!
The kobold hits you but does no damage. The orc priest barely misses you.
You furiously retaliate!
You headbutt the orc priest. The orc barely misses you.
You hit the orc priest.
You kill the orc priest!
The kobold hits you but does no damage. The orc hits you but does no damage.
The orc barely misses you.
Your Long Blades skill increases to level 4!
Unknown command.
The kobold attacks as you move away! The kobold barely misses you.
The kobold attacks as you move away! The kobold completely misses you.
The orc attacks as you move away! The orc hits you with a +0 short sword.
* * * LOW HITPOINT WARNING * * *
The kobold throws a poisoned dart.
The poisoned dart barely misses you. The orc attacks as you move away!
The orc closely misses you.
The kobold throws a poisoned dart.
The poisoned dart hits you!
You are lethally poisoned!
The orc attacks as you move away! You block the orc's attack.
* * * LOW HITPOINT WARNING * * *
You feel sick.
The kobold throws a poisoned dart.
The poisoned dart barely misses you.
It was a potion of mutation.
You feel extremely strange.
You begin to heal more quickly.
You feel yourself wasting away.
You feel agile.
You feel sick.
The kobold throws a poisoned dart.
The poisoned dart hits you!
You are lethally poisoned!
You block the orc's attack. The orc closely misses you.
You furiously retaliate!
You headbutt the orc!
You kill the orc!
Okay, then.
You slash the orc!
You kill the orc!
* * * LOW HITPOINT WARNING * * *
You feel very sick.
You die...

#.###....... #.
#########.##........ #..
#.........##>#...... ###..
.........#).)...... ....
..)...............####..
##.............. .....
######..)........... #.#..
#........K........## #.#..
#....).))@.........###....
#..####............. ..#..
#. #...............# #.#..
#..#._............. #.#..
...#.....##......#.###....
.........................รท
.........####...##.###..#.
..............####......#.
#.............#####.......


You could see a kobold.

Vanquished Creatures
  An orc priest (D:3)
  A hound (D:3)
  An adder (D:2)
  A worm (D:3)
  7 orcs (D:3)
  4 ball pythons
  6 bats
  3 endoplasms (D:3)
  A giant cockroach (D:2)
  4 goblins
  2 hobgoblins (D:3)
  A quokka (D:3)
  2 frilled lizards
  A kobold (D:2)
  3 rats
38 creatures vanquished.

Notes
Turn   | Place    | Note
-------+----------+-------------------------------------------
     0 | D:1      | Peloso the Minotaur Fighter began the quest for the Orb.
     0 | D:1      | Reached XP level 1. HP: 19/19 MP: 0/0
   685 | D:2      | Reached XP level 2. HP: 27/27 MP: 1/1
  1208 | D:3      | Found a faded altar of an unknown god.
  1277 | D:3      | Reached XP level 3. HP: 29/33 MP: 2/2
  1443 | D:3      | Reached skill level 1 in Dodging
  1630 | D:3      | Identified the +5 acid dragon scales of Ygheonodgha {rCorr
                  | SInv}
  1693 | D:3      | Reached XP level 4. HP: 32/40 MP: 3/3
  1815 | D:3      | Found a hazy altar of Hepliaklqana.
  1857 | D:3      | Gained mutation: Your natural rate of healing is unusually
                  | fast. [potion of mutation]
  1857 | D:3      | Gained mutation: Your body sometimes deteriorates upon
                  | taking damage. [potion of mutation]
  1857 | D:3      | Gained mutation: You are agile. (Dex +4, Str/Int -1)
                  | [potion of mutation]
  1858 | D:3      | HP: 1/40 [poisoned by a kobold]
  1859 | D:3      | Succumbed to a kobold's poison

Illustrated notes

Levels and vault maps discovered:
D:1:      minmay_arrival_floating_metal, layout_rooms
D:2:      layout_basic
D:3:      layout_rooms, mainiacjoe_overflow_chevrons, basic_ecumenical_altar

Skill      XL: |  1  2  3  4 |
---------------+-------------+-----
Armour         | 4 |  4.4
Shields        | 4 |  4.2
Long Blades    | 3 4 |  4.1
Fighting       | 4 |  4.2
Dodging        | 1 |  1.1

Action                   |  1- 3 |  4- 6 || total
-------------------------+-------+-------++-------
Melee: Long sword        |    64 |    14 ||    78
       Headbutt          |     7 |       ||     7
  Use: Scroll            |     3 |       ||     3
       Potion            |     4 |     1 ||     5
Armor: Scale mail        |    53 |     9 ||    62
Dodge: Dodged            |    35 |    17 ||    52
Block: Buckler           |    20 |     5 ||    25
